Map: Discordance EC

Players

Sorandom - Winner!

  • Race: Zerg Zerg
  • League: Diamond
  • Spawn Location: 7:00

Gothal

  • Race: Terran Terran
  • League: Diamond
  • Spawn Location: 1:00

VOD

Have the link to the VOD?

Description

Time

  • Played on: April 8, 2019, 10:53 a.m.
  • Length: 13:12
Show
View Real Time Build Order
Export as new Build Order

Sorandom Zerg - Winner!

Build Orders: Pool First 

Get SALT Encoding   

  12  0:01  Drone  
  13  0:12  Overlord  
  13  0:17  Drone  
  14  0:31  Drone x2  
  14  0:34  Drone  
  17  0:49  Spawning Pool, Drone  
  17  0:53  Extractor  
  16  1:13  Hatchery  
  16  1:17  Drone  
  16  1:19  Drone  
  16  1:25  Drone  
  18  1:33  Overlord  
  18  1:42  Zergling x2  
  19  1:48  Queen  
  21  1:55  Metabolic Boost  
  21  2:00  Zergling x2  
  22  2:05  Drone  
  23  2:11  Drone  
  24  2:22  Drone  
  25  2:24  Queen  
  25  2:27  Drone  
  28  2:33  Drone  
  28  2:38  Zergling x2  
  28  2:41  Queen  
  31  2:47  Overlord  
  31  2:50  Drone  
  32  2:56  Drone  
  33  3:00  Drone x2  
  33  3:02  Drone  
  36  3:12  Overlord x2  
  36  3:15  Drone  
  37  3:24  Drone x2  
  39  3:32  Zergling x2  
  39  3:33  Zergling x2  
  41  3:37  Baneling Nest  
  41  3:38  Zergling x2  
  41  3:39  Zergling x6  
  44  3:47  Spine Crawler  
  43  3:50  Evolution Chamber  
  43  3:52  Evolution Chamber  
  41  3:57  Drone  
  41  3:58  Roach Warren  
  41  4:04  Lair  
  41  4:17  Drone x6  
  45  4:29  Zergling x6  
  45  4:30  Zergling x2  
  46  4:33  Drone  
  46  4:38  Roach x3  
  53  4:48  Zerg Ground Armor Level 1  
  53  4:50  Baneling x3  
  53  4:57  Drone  
  53  4:58  Drone x4  
  58  5:00  Extractor  
  58  5:03  Drone x3  
  60  5:08  Overlord  
  60  5:17  Overlord x2  
  60  5:23  Extractor  
  60  5:27  Zerg Melee Weapons Level 1  
  59  5:29  Overlord x2  
  59  5:32  Extractor  
  58  5:41  Hatchery  
  57  5:44  Overseer  
  57  5:50  Drone x2  
  57  5:51  Drone x3  
  62  5:58  Drone x5  
  67  6:09  Zergling x12  
  73  6:17  Spore Crawler  
  69  6:20  Spore Crawler  
  69  6:21  Drone x2  
  69  6:22  Overseer  
  67  6:29  Queen  
  64  6:45  Drone x7  
  66  6:51  Zergling x2  
  65  6:56  Drone x3  
  68  7:06  Drone  
  69  7:12  Drone, Spore Crawler  
  69  7:13  Drone  
  70  7:22  Zerg Melee Weapons Level 2  
  70  7:23  Zergling x4  
  70  7:24  Zergling x2  
  70  7:25  Baneling  
  70  7:26  Baneling x10  
  73  7:31  Overlord x2  
  73  7:39  Roach x3  
  73  7:42  Roach  
  73  7:43  Glial Reconstitution  
  81  7:48  Zerg Missile Weapons Level 1  
  81  7:49  Roach  
  83  7:55  Roach x3  
  81  8:11  Roach x7  
  81  8:12  Roach  
  96  8:21  Hydralisk Den, Roach  
  96  8:26  Roach  
  99  8:32  Roach x6  
  110  8:38  Drone x4  
  113  8:58  Drone x4  
  113  8:59  Drone x4  
  113  9:02  Extractor  
  120  9:03  Extractor  
  117  9:17  Hatchery  
  117  9:20  Drone x6  
  120  9:26  Overlord x3  
  116  9:38  Drone  
  116  9:39  Drone x3  
  116  9:42  Zerg Ground Armor Level 2  
  116  9:44  Hydralisk  
  116  9:45  Hydralisk, Grooved Spines  
  120  9:56  Roach x3  
  126  10:04  Hydralisk  
  122  10:07  Zerg Missile Weapons Level 2  
  116  10:18  Drone x5  
  121  10:25  Tunneling Claws  
  121  10:28  Overlord  
  121  10:29  Overlord x2  
  121  10:32  Hatchery  
  120  10:36  Overseer  
  120  10:38  Hydralisk x9  
  138  10:45  Infestation Pit  
  138  10:48  Spire  
  136  10:52  Lurker Den  
  136  10:53  Drone, Spore Crawler  
  136  10:54  Spine Crawler  
  136  10:56  Muscular Augments  
  134  11:16  Extractor, Spore Crawler  
  134  11:17  Extractor, Drone x11  
  134  11:18  Drone  
  143  11:27  Hydralisk  
  143  11:28  Hydralisk x5  
  155  11:41  Hydralisk  
  155  11:42  Hydralisk x5  
  145  12:01  Hydralisk x8  
  133  12:07  Roach x4  
  155  12:17  Overlord  
  155  12:18  Overlord x2  
  155  12:22  Ravager x2  
  157  12:24  Lurker x3  
  157  12:25  Ravager  
  161  12:34  Drone x5  
  166  12:42  Roach  
  166  12:43  Roach x5  
  182  12:44  Roach x3  
Show
View Real Time Build Order
Export as new Build Order

Gothal Terran 

Build Orders: Gas First Reaper Expand 

Get SALT Encoding   

  12  0:01  SCV  
  13  0:13  SCV  
  14  0:17  Supply Depot  
  14  0:25  SCV  
  15  0:29  Refinery  
  15  0:39  SCV  
  16  0:49  Barracks  
  16  0:54  SCV  
  17  1:06  SCV  
  18  1:18  SCV  
  19  1:36  Orbital Command, Reaper  
  20  1:46  Command Center  
  20  1:58  Factory  
  20  2:01  SCV  
  21  2:09  Supply Depot  
  21  2:10  Barracks Reactor  
  21  2:14  SCV  
  22  2:26  SCV  
  23  2:38  SCV  
  23  2:52  Hellion  
  23  2:53  Barracks Tech Lab, Hellion  
  27  2:59  Starport  
  27  3:01  SCV, Refinery  
  28  3:12  Orbital Command  
  28  3:13  Hellion  
  28  3:15  Hellion, SCV  
  33  3:30  SCV  
  34  3:35  Hellion, Barracks Reactor  
  36  3:46  SCV x2  
  38  3:52  Bunker  
  38  3:56  Factory  
  38  3:58  SCV x2  
  38  3:59  Widow Mine x2  
  43  4:29  SCV x2  
  43  4:34  Supply Depot  
  43  4:36  Banshee  
  43  4:37  Cloaking Field  
  46  4:49  Barracks Tech Lab  
  46  4:51  Refinery x2  
  46  4:55  SCV x2  
  46  4:57  Supply Depot  
  52  5:07  Widow Mine x2  
  52  5:08  SCV x2  
  52  5:10  Armory  
  54  5:19  Factory  
  54  5:20  Supply Depot, SCV x2  
  56  5:25  Hellion x2  
  62  5:28  Hellion  
  62  5:39  SCV x2  
  62  5:40  Supply Depot  
  64  5:42  Supply Depot  
  64  5:51  SCV x2  
  64  5:53  Hellion  
  64  5:54  Hellion  
  72  6:03  Supply Depot, SCV x2  
  72  6:09  Starport Reactor  
  72  6:10  Factory  
  72  6:15  SCV x2  
  74  6:27  SCV  
  74  6:28  SCV  
  73  6:40  SCV x2  
  69  6:52  SCV x2, Hellion x2  
  69  6:53  Medivac x2  
  76  6:54  Factory Reactor  
  76  6:57  Hellion x2  
  80  7:03  Factory  
  80  7:04  SCV x2  
  82  7:16  SCV x2, Terran Vehicle Weapons Level 1, Command Center  
  82  7:19  Infernal Pre-Igniter  
  84  7:23  Medivac x2  
  84  7:27  Hellion x4  
  84  7:28  SCV x2  
  98  7:33  Hellion x2  
  102  8:04  Medivac, SCV x2, Marine  
  102  8:05  Hellion  
  101  8:08  Medivac  
  101  8:16  SCV  
  102  8:27  SCV, Marine  
  102  8:28  SCV  
  99  8:39  SCV, Cyclone  
  99  8:40  Hellion x3, SCV  
  101  8:44  Orbital Command  
  101  8:45  Marine  
  95  8:51  SCV  
  95  8:53  SCV  
  95  8:54  Medivac  
  95  8:55  Medivac  
  101  9:00  Refinery  
  101  9:03  SCV, Refinery  
  101  9:05  SCV  
  103  9:11  Siege Tank  
  103  9:16  SCV  
  95  9:32  Liberator  
  90  9:38  Hellion x2  
  90  9:44  Siege Tank  
  80  9:53  Cyclone  
  80  9:59  Terran Vehicle Weapons Level 2  
  83  10:03  Armory  
  82  10:16  Hellbat, Siege Tank  
  82  10:17  Hellbat  
  82  10:19  Command Center  
  89  10:23  Command Center  
  89  10:25  Cyclone  
  92  10:38  Hellbat  
  92  10:39  Command Center  
  92  10:42  Hellbat  
  96  10:48  Siege Tank  
  99  10:52  Hellion  
  99  10:53  SCV  
  102  11:06  SCV, Cyclone  
  102  11:07  Hellion  
  102  11:10  Supply Depot  
  108  11:11  Terran Vehicle And Ship Armor Level 1  
  108  11:30  Hellbat, Thor  
  108  11:31  Hellbat  
  118  11:34  Supply Depot  
  118  11:38  Thor  
  115  11:57  Supply Depot  
  99  12:09  SCV  
  99  12:10  Hellbat x4, Hellion  
  99  12:11  Hellbat  
  99  12:13  Thor  
  118  12:21  Thor  
  124  12:26  Orbital Command  
  124  12:31  Hellbat, Orbital Command  
  124  12:33  SCV  
  127  12:45  Hellbat x3  
Tags
 
Add a new tag
Caveats
  • Supply blocks, unpowered buildings, or Contaminate may cause inaccurate times.
  • Supply counts are checked every 10 seconds.